AoeStats
← tomwilmore

Glade

510408030Analyzed
1v1 RM · 2d ago on Sep 30, 2026· 58m 26s· 2 players
Game mode
Random Map
Map size
Tiny (2 player)
Population
200
Speed
Normal
Resources
Standard
Victory
Conquest
Starting age
Dark Age
Ending age
Imperial Age
RankedLock teamsTeams togetherTeam positionsShared explorationLock speedFull tech treeHidden civsTurbo modeCheats
Victory
Defeat
🇬🇧 Inca · United Kingdom
736
+34
🇨🇦 Japanese · Canada
688
-14
tomwilmore
8:01 Loom
12:50 Feudal Age
14:54 Fletching
18:12 Padded Archer Armor
21:58 Castle Age
22:16 Crossbowman
23:04 Thumb Ring
26:06 Wheelbarrow
25:43 Double-Bit Axe
27:13 Bow Saw
27:15 Horse Collar
29:00 Hand Cart
29:17 Heavy Plow
29:19 Gold Mining
30:42 Town Watch
30:57 Champi Runner
32:55 Town Patrol
35:29 Imperial Age
32:30 Champi Warrior
35:06 Murder Holes
35:59 Gold Shaft Mining
36:02 Scale Mail Armor
36:13 Forging
36:49 Elite Champi Warrior
39:30 Iron Casting
39:11 Chain Mail Armor
39:06 Squires
40:14 Ballistics
40:33 Crop Rotation
41:54 Blast Furnace
41:55 Andean Sling
43:52 Plate Mail Armor
43:41 Leather Archer Armor
43:22 Bodkin Arrow
46:28 Fabric Shields
47:37 Chemistry
46:20 Treadmill Crane
46:52 Masonry
52:07 Capped Ram
53:12 Siege Ram
ecstaticgem
0:47 Loom
12:56 Feudal Age
13:49 Town Watch
18:20 Castle Age
18:00 Horse Collar
18:42 Man-at-Arms
19:08 Gambesons
19:25 Squires
20:21 Double-Bit Axe
20:30 Elite Skirmisher
21:59 Fletching
25:33 Wheelbarrow
25:34 Bodkin Arrow
28:52 Padded Archer Armor
29:04 Forging
30:31 Leather Archer Armor
30:17 Scale Mail Armor
35:02 Ballistics
35:18 Bow Saw
36:14 Gold Mining
36:14 Stone Mining
39:05 Iron Casting
38:46 Chain Mail Armor
43:31 Imperial Age
42:10 Heavy Plow
41:59 Treadmill Crane
42:33 Masonry
44:37 Kataparuto
44:38 Conscription
45:36 Blast Furnace
45:34 Hand Cart
48:55 Bracer
49:26 Plate Mail Armor
51:56 Murder Holes
53:22 Gold Shaft Mining
53:44 Ring Archer Armor
56:10 Elite Samurai
Connection lost

Rejoining the realm…

Still unreachable

The connection could not be restored.

Session expired

The server has moved on; the page needs a fresh start.